 Dungeon Crawl Stone Soup version 0.29.1-15-g9cfb28693d (webtiles) character file.

Game seed: 12080920837026602720

87 12sPaWn12 the Caller (level 4, -1/33 HPs)
             Began as a Draconian Summoner on Mar 21, 2023.
             Killed from afar by an orc wizard (9 damage)
             ... with a puff of flame
             ... on level 3 of the Dungeon.
             The game lasted 00:06:40 (3225 turns).

12sPaWn12 the Caller (Draconian Summoner)           Turns: 3225, Time: 00:06:40

Health: -1/33      AC:  5    Str: 10    XL:     4   Next: 28%
Magic:  7/8        EV: 12    Int: 18    God:
Gold:   210        SH:  0    Dex: 11    Spells: 6/9 levels left

rFire   . . .      SeeInvis .   (no weapon)
rCold   . . .      Faith    .   (no shield)
rNeg    . . .      Spirit   .   (body armour unavailable)
rPois   .          Reflect  .   (helmet restricted)
rElec   .          Harm     .   (no cloak)
rCorr   .          Rampage  .   (no gloves)
Will    .....                   (no boots)
Stlth   +.........              (no amulet)
HPRegen 0.11/turn               (no ring)
MPRegen 0.11/turn               (no ring)

@: confused
A: AC +5, unfitting armour, cold-blooded
a: no special abilities


You were on level 3 of the Dungeon.
You visited 1 branch of the dungeon, and saw 3 of its levels.

You collected 210 gold pieces.

Inventory:

Jewellery
 e - a ring of ice
 k - an amulet of regeneration
Scrolls
 f - a scroll of amnesia {unknown}
 j - a scroll of teleportation {unknown}
Potions
 a - 3 potions of magic
 b - a potion of resistance {unknown}
 c - a potion of cancellation {unknown}
 d - a potion of heal wounds {unknown}
 g - 2 potions of invisibility {unknown}
 h - 2 potions of degeneration {unknown}
 i - 2 potions of curing {unknown}
 l - a potion of haste {unknown}
 m - a potion of might {unknown}
 n - a potion of brilliance {unknown}


   Skills:
 + Level 0.1 Fighting
 + Level 1.9 Dodging
 + Level 2.1 Stealth
 * Level 3.2 Spellcasting
 * Level 4.8 Summonings


You had 6 spell levels left.
You knew the following spells:

 Your Spells              Type           Power      Damage    Failure   Level
a - Summon Small Mammal   Summ           80%        N/A       2%          1
b - Call Imp              Summ           20%        N/A       3%          2

Your spell library contained the following spells:

 Spells                   Type           Power      Damage    Failure   Level
 Call Canine Familiar     Summ           20%        N/A       7%          3
 Summon Guardian Golem    Hex/Summ       11%        N/A       19%         3
 Summon Lightning Spire   Summ/Air       11%        N/A       52%         4


Dungeon Overview and Level Annotations

Branches:
Dungeon (3/15)

Altars:


Innate Abilities, Weirdness & Mutations

Your plain brown scales are hard. (AC +5)
You cannot fit into any form of body armour.
You are cold-blooded and may be slowed by cold attacks.


Message History

Your bat hits the orc but does no damage.
Your bat barely misses the orc.
Your quokka bites the orc.
Something hits you. Something misses your quokka.
Your bat barely misses the orc.
The orc closely misses you.
You hit something.
Your tail-slap misses something.
Your bat hits the orc but does no damage.
Your bat barely misses the orc.
Your quokka bites the orc but does no damage.
Something hits you but does no damage. Something closely misses your quokka.
Your bat closely misses the orc.
The orc barely misses you.
You barely miss something. Your bat hits the orc.
Your bat closely misses the orc.
Your quokka closely misses the orc.
Something hits you but does no damage. Something closely misses your quokka.
Your bat hits the orc but does no damage.
The orc hits you but does no damage.
You hit something but do no damage. Your bat misses the orc.
Your bat hits the orc but does no damage.
Your quokka bites the orc but does no damage.
You hear some strange, mumbled words.
You are confused.
Something hits your quokka.
Your quokka dies!
Your quokka's corpse disappears in a puff of smoke!
The orc hits you with a +0 dagger.
Your bat closely misses the orc.
You are too confused!
You bump into the rock wall.
Your bat barely misses the orc.
Your bat hits the orc. The orc hits you but does no damage.
Your bat hits the orc but does no damage.
Something hits you.
You bump into the rock wall.
Your bat completely misses the orc.
Your bat misses the orc. The orc hits you but does no damage.
Something hits you but does no damage.
Your bat closely misses the orc.
You miss something.
Your bat hits the orc but does no damage.
Your bat closely misses the orc.
The orc hits you with a +0 dagger.
* * * LOW HITPOINT WARNING * * *
You hear some strange, mumbled words.
A puff of flame appears from out of thin air!
The puff of flame hits you!
You die...

.##........#.##
.##......#.#.#
......#......####
.##...#.........#
... ....#.#.####
......#.......#
..............#
.....##..#.#..####
.... ........boo@#
.##. ##..).5..##{#
.# .........o..# #
..............#
#..#..o.##..###
#..#..(.##..# ..
.....##..#
.#........#
o.......


You could see 3 orcs, a friendly crimson imp (summoned) and a friendly bat
(summoned).

Vanquished Creatures
  An adder (D:2)
  2 worms
  4 endoplasms
  3 giant cockroaches
  A goblin (D:2)
  3 hobgoblins
  A kobold (D:3)
  2 quokkas
  A ball python (D:3)
  3 frilled lizards
  A rat (D:1)
22 creatures vanquished.

Vanquished Creatures (collateral kills)
  A worm (D:2)
  2 dart slugs (D:3)
  2 orcs (D:3)
  3 bats
  5 endoplasms
  3 giant cockroaches
  6 goblins
  2 quokkas (D:2)
  5 ball pythons (D:2)
  2 frilled lizards
  A kobold (D:2)
  3 rats
35 creatures vanquished.

Grand Total: 57 creatures vanquished

Notes
Turn   | Place    | Note
-------+----------+-------------------------------------------
     0 | D:1      | 12sPaWn12 the Draconian Summoner began the quest for the
                  | Orb.
     0 | D:1      | Reached XP level 1. HP: 14/14 MP: 3/3
   196 | D:1      | Found a faded altar of an unknown god.
   340 | D:1      | Reached XP level 2. HP: 20/20 MP: 1/5
  1402 | D:2      | Reached XP level 3. HP: 17/26 MP: 3/6
  2198 | D:2      | Learned a level 2 spell: Call Imp
  2667 | D:3      | Reached XP level 4. HP: 32/33 MP: 3/8
  3225 | D:3      | Killed from afar by an orc wizard

Illustrated notes

Levels and vault maps discovered:
D:1:      evilmike_arrival_home_sweet_home, layout_loops_cross,
          ebering_ecumenical_altar_abandoned
D:2:      layout_basic
D:3:      layout_basic, minitemple

Skill      XL: |  1  2  3 |
---------------+----------+-----
Stealth        | 2 |  2.1
Spellcasting   | 3 |  3.2
Fighting       | |  0.1
Dodging        | |  1.9
Summonings     | |  4.8

Action                   |  1- 3 |  4- 6 || total
-------------------------+-------+-------++-------
Melee: Unarmed           |   122 |    42 ||   164
       Tailslap          |    17 |     5 ||    22
       Punch             |     2 |       ||     2
 Cast: Summon Small Mamm |    64 |    15 ||    79
       Call Imp          |     2 |     3 ||     5
 Stab: Distracted        |     2 |     1 ||     3
       Sleeping          |     1 |     1 ||     2
Armor: Skin              |    28 |    21 ||    49
Dodge: Dodged            |    77 |    20 ||    97
